 Dungeon Sprint DCSS version 0.30-a0-737-gf23d94013f (webtiles) character file.

Game seed: 17098902887681346609

5554 rocky1 the Warrior (level 10, -12/135 HPs)
             Began as an Ogre Gladiator on Feb 3, 2023.
             Was an Initiate of Gozag.
             Mangled by a komodo dragon (20 damage)
             ... in the Dungeon (Sprint IX: "|||||||||||||||||||||||||||||").
             The game lasted 00:03:07 (1275 turns).

rocky1 the Warrior (Ogre Gladiator)                 Turns: 1275, Time: 00:03:08

Health: -12/135    AC:  3    Str: 27    XL:     10   Next: 71%
Magic:  10/10      EV: 12    Int:  9    God:    Gozag
Gold:   1354       SH:  0    Dex: 10    Spells: 9/9 levels left

rFire   . . .      SeeInvis .    o - +2 dire flail (heavy)
rCold   . . .      Faith    .    (shield currently unavailable)
rNeg    . . .      Spirit   .    b - +0 robe
rPois   .          Reflect  .    c - +0 hat
rElec   .          Harm     .    (no cloak)
rCorr   .          Rampage  .    (gloves unavailable)
Will    +....      NoTele   +    (boots unavailable)
Stlth   +                        (no amulet)
HPRegen 0.42/turn                p - +3 ring of strength
MPRegen 0.12/turn                r - +2 ring of evasion

@: gold aura
A: large, unfitting armour, tough skin 1
a: Renounce Religion, Potion Petition, Call Merchant, Bribe Branch


You were in the Dungeon.
You worshipped Gozag.
Gozag was most pleased with you.
You visited 1 branch You collected 1354 gold pieces.

Inventory:

Hand Weapons
 a - a +0 flail
 o - a +2 heavy dire flail (weapon)
 q - the +4 quarterstaff "Foriusy" {holy, *Slow rF++ Dex+5}
   (You found it in the Dungeon)

   Dex:       It affects your dexterity (+5).
   rF:        It greatly protects you from fire.
   *Slow:     It may slow you when you take damage.
Missiles
 d - a throwing net (quivered)
 e - 4 large rocks
 l - 4 javelins
Armour
 b - a +0 robe (worn)
 c - a +0 hat (worn)
Jewellery
 p - a +3 ring of strength (left hand)
 r - a +2 ring of evasion (right hand)
Wands
 h - a wand of polymorph (10)
 n - a wand of quicksilver (10)
Scrolls
 k - 3 scrolls of blinking
 m - 2 scrolls of amnesia
 t - 5 scrolls of enchant weapon
 v - a scroll of identify
 w - a scroll of fog
Potions
 f - 5 potions of curing
 g - 3 potions of heal wounds
 i - 4 potions of magic
 j - 3 potions of berserk rage
 s - a potion of might
Miscellaneous
 u - a phial of floods


   Skills:
 + Level 18.6 Fighting
 * Level 18.6 Maces & Flails
 - Level 2.0 Throwing
 - Level 2.6 Dodging


You had 9 spell levels left.
You didn't know any spells.
Your spell library was empty.

Dungeon Overview and Level Annotations

Branches:
Dungeon (1/1)

Altars:
Cheibriados
Dithmenos
Elyvilon
Fedhas
Gozag
Hepliaklqana
Kikubaaqudgha
Makhleb
Nemelex Xobeh
Okawaru
Qazlal
Ru
Sif Muna
Trog
Uskayaw
Vehumet
Wu Jian
Xom
Yredelemnul
Zin
The Shining One
Jiyva
Lugonu


Innate Abilities, Weirdness & Mutations

You are too large for most types of armour.
You have tough skin. (AC +1)


Message History

The yak is no longer distracted by gold.
The komodo dragon is distracted by your dazzling golden aura.
The yak gores you!
* * * LOW HITPOINT WARNING * * *
You see here 225 gold pieces.
The komodo dragon hisses angrily.
You puncture the yak!
The yak is moderately wounded.
The yak barely misses you.
You puncture the yak!
The yak is heavily wounded.
The yak barely misses you.
You hit the yak.
The yak is heavily wounded.
The yak gores you!
* * * LOW HITPOINT WARNING * * *
You thump the yak!
The yak is severely wounded.
The komodo dragon is no longer distracted by gold.
The yak gores you!
* * * LOW HITPOINT WARNING * * *
You feel much better. The yak barely misses you.
You beat the yak like a drum!!!
You kill the yak!
The komodo dragon is distracted by your dazzling golden aura.
You see here 117 gold pieces.
The komodo dragon hisses angrily.
You hit the komodo dragon.
The komodo dragon is no longer distracted by gold.
The komodo dragon is lightly wounded.
The komodo dragon bites you but does no damage.
You bludgeon the komodo dragon!!
The komodo dragon is severely wounded.
The komodo dragon bites you!!
* * * LOW HITPOINT WARNING * * *
You hit the komodo dragon.
The komodo dragon is almost dead.
The komodo dragon bites you!!
You die...
Your body crumbles into a pile of gold.

$ ▓.▓_▓
$ ▓.▓_▓
$
▓+▓.▓_▓
$
▓.▓.▓_▓
$
▓.▓.▓_▓
$
▓.▓.▓_▓
▓.▓.▓_▓
$
▓l▓.▓_▓
$
▓@▓.▓_▓
$
▓$▓.▓_▓
$
▓$▓.▓_▓
$
▓$▓.▓_▓
$
▓$▓.▓_▓
$
▓.▓.▓_▓
$
▓.▓.▓_▓
$
▓.▓.▓_▓
$
▓.▓.▓_▓


You could see a komodo dragon.

Vanquished Creatures
  A boulder beetle (D)
  Urug (D)
  A cyclops (D)
  An ugly thing (D)
  2 manticores (D)
  A black mamba (D)
  A torpor snail (D)
  3 gargoyles (D)
  A rime drake (D)
  A komodo dragon (D)
  A tarantella (shapeshifter) (D)
  2 yaks (D)
  A basilisk (D)
  An acid dragon (D)
  A bullfrog (D)
  A scorpion (D)
  A howler monkey (D)
  An adder (D)
  An ufetubus (D)
  A dart slug (D)
  An endoplasm (D)
  A goblin (D)
  A quokka (D)
  A ball python (D)
  A bat (D)
  A kobold (D)
30 creatures vanquished.

Vanquished Creatures (others)
  A wyvern (D)
1 creature vanquished.

Grand Total: 31 creatures vanquished

Notes
Turn   | Place    | Note
-------+----------+-------------------------------------------
     0 | D        | rocky1 the Ogre Gladiator began the quest for the Orb.
     0 | D        | Reached XP level 1. HP: 22/22 MP: 1/1
    69 | D        | Noticed a scorpion
    74 | D        | Reached XP level 2. HP: 25/32 MP: 2/2
    80 | D        | Killed a scorpion
    81 | D        | Reached XP level 3. HP: 39/45 MP: 3/3
    81 | D        | Reached XP level 4. HP: 46/53 MP: 4/4
   229 | D        | Found a snail-covered altar of Cheibriados.
   229 | D        | Found a shadowy altar of Dithmenos.
   229 | D        | Found a white marble altar of Elyvilon.
   229 | D        | Found a blossoming altar of Fedhas.
   229 | D        | Found an opulent altar of Gozag.
   230 | D        | Found a hazy altar of Hepliaklqana.
   231 | D        | Found a viscous altar of Jiyva.
   232 | D        | Found an ancient bone altar of Kikubaaqudgha.
   233 | D        | Found a corrupted altar of Lugonu.
   234 | D        | Found a burning altar of Makhleb.
   235 | D        | Found a sparkling altar of Nemelex Xobeh.
   236 | D        | Found an iron altar of Okawaru.
   237 | D        | Became a worshipper of Gozag Ym Sagoz the Greedy
   238 | D        | Found a stormy altar of Qazlal.
   239 | D        | Found a sacrificial altar of Ru.
   240 | D        | Found a shimmering blue altar of Sif Muna.
   241 | D        | Found a bloodstained altar of Trog.
   242 | D        | Found a hide-covered altar of Uskayaw.
   243 | D        | Found a radiant altar of Vehumet.
   244 | D        | Found an ornate altar of the Wu Jian Council.
   245 | D        | Found a shimmering altar of Xom.
   246 | D        | Found a basalt altar of Yredelemnul.
   247 | D        | Found a glowing silver altar of Zin.
   248 | D        | Found a glowing golden altar of the Shining One.
   277 | D        | Got the +4 quarterstaff "Foriusy" {holy, *Slow rF++ Dex+5}
   287 | D        | Noticed a gargoyle
   287 | D        | Noticed a gargoyle
   287 | D        | Noticed a wyvern
   287 | D        | Noticed an acid dragon
   287 | D        | Noticed a gargoyle
   289 | D        | Killed a gargoyle
   290 | D        | Reached skill level 10 in Fighting
   290 | D        | Reached skill level 10 in Maces & Flails
   290 | D        | Reached XP level 5. HP: 70/70 MP: 5/5
   290 | D        | Reached XP level 6. HP: 79/79 MP: 6/6
   297 | D        | Killed an acid dragon
   298 | D        | Reached XP level 7. HP: 80/88 MP: 7/7
   299 | D        | Killed a wyvern
   301 | D        | Killed a gargoyle
   304 | D        | Killed a gargoyle
   305 | D        | Reached XP level 8. HP: 64/102 MP: 8/8
   507 | D        | Noticed a manticore
   507 | D        | Noticed an entropy weaver
   507 | D        | Noticed a red ugly thing
   507 | D        | Noticed a manticore
   507 | D        | Noticed a boulder beetle
   507 | D        | Noticed a cyclops
   510 | D        | Killed a cyclops
   511 | D        | an entropy weaver changed into a tarantella
   511 | D        | Noticed a tarantella (shapeshifter)
   515 | D        | Killed a boulder beetle
   516 | D        | Reached skill level 15 in Fighting
   516 | D        | Reached skill level 15 in Maces & Flails
   516 | D        | Reached XP level 9. HP: 88/115 MP: 9/9
   520 | D        | Killed a manticore
   523 | D        | Killed a red ugly thing
   528 | D        | Killed a tarantella
   532 | D        | Killed a manticore
   533 | D        | Reached XP level 10. HP: 40/131 MP: 10/10
  1033 | D        | Noticed Urug
  1041 | D        | Killed Urug
  1243 | D        | Noticed a black mamba
  1243 | D        | Noticed a torpor snail
  1248 | D        | Killed a torpor snail
  1252 | D        | Killed a black mamba
  1275 | D        | Mangled by a komodo dragon

Illustrated notes

Levels and vault maps discovered:
D:        linesprint [early_d, line_temple, items_1, d_10, items_2, lair_1,
          lair_end, items_3, orc_1, orc_end, items_4, d_15, swamp_1, shoals_1,
          snake_1, spider_1, d_20, vaults_1, items_5, swamp_end, shoals_end,
          snake_end, spider_end, vaults_end, d_27, items_6, zot_1, zot_end,
          crypt_end, forest_end, elf_end, slime_end, tomb_end, abyss_end,
          pan_hell_end]

Skill      XL: |  1  2  3  4  5  6  7  8  9 10 |
---------------+-------------------------------+-----
Fighting       | 4 6 10 11 13 15 17 18 | 18.6
Maces & Flails | 4 6 10 11 13 15 16 18 | 18.6
Throwing       | |  2.0
Dodging        | |  2.6

Action                     |  1- 3 |  4- 6 |  7- 9 | 10-12 || total
---------------------------+-------+-------+-------+-------++-------
  Melee: Flail             |    30 |    12 |       |       ||    42
         Dire flail        |       |     8 |    20 |    29 ||    57
  Throw: Throwing net      |     2 |       |     2 |       ||     4
    Use: Potion            |       |     1 |     2 |     2 ||     5
   Stab: Held in net/web   |     1 |       |     3 |       ||     4
         Invisible         |       |     1 |     1 |       ||     2
 Armour: Robe              |    12 |     4 |     1 |     1 ||    18
  Dodge: Dodged            |    12 |    20 |     5 |     7 ||    44

Table legend: (Time is in decaauts)
 A = Elapsed time spent in this place.
 B = Non-inter-level travel time spent in this place.
 C = Inter-level travel time spent in this place.
 D = Time resting spent in this place.
 E = Time spent auto-exploring this place.
 F = Levels seen in this place.
 G = Mean time per level.
                   A        B        C        D        E       F      G
               +--------+--------+--------+--------+--------+-----+--------+
         Total |   1266 |   1266 |      0 |    915 |      0 |   1 | 1266.0 |
       Dungeon |   1266 |   1266 |      0 |    915 |      0 |   1 | 1266.0 |
               +--------+--------+--------+--------+--------+-----+--------+

Top non-repeatable levels by time:
       D: 1266 daAuts
